Map: Abyssal Reef LE

Players

NOTAKON

  • Race: Terran Terran
  • League: Master
  • Spawn Location: 11:00

Bourbond - Winner!

  • Race: Terran Terran
  • League: Master
  • Spawn Location: 5:00

VOD

Have the link to the VOD?

Description

Time

  • Played on: Jan. 5, 2018, 11:50 a.m.
  • Length: 17:33
Show
View Real Time Build Order
Export as new Build Order

NOTAKON Terran 

Build Orders: Bio Tank 

Get SALT Encoding   

  12  0:01  SCV  
  13  0:13  SCV  
  14  0:17  Supply Depot  
  14  0:25  SCV  
  15  0:39  SCV  
  15  0:41  Barracks  
  16  0:51  SCV  
  17  1:03  SCV  
  18  1:16  Command Center  
  18  1:19  SCV  
  19  1:28  Marine  
  20  1:35  Orbital Command  
  20  1:47  Barracks  
  20  1:48  Marine  
  21  2:02  Refinery  
  21  2:04  SCV  
  22  2:09  Marine  
  22  2:11  Supply Depot  
  22  2:15  Refinery  
  22  2:20  SCV  
  23  2:27  Marine  
  23  2:29  Orbital Command  
  24  2:37  SCV  
  24  2:38  Barracks Tech Lab  
  24  2:43  Supply Depot  
  25  2:45  Marine  
  25  2:49  SCV  
  27  2:55  SCV  
  27  3:02  SCV  
  27  3:03  Marine x2  
  27  3:05  Stimpack  
  30  3:11  SCV  
  30  3:18  Supply Depot  
  30  3:20  Marine  
  30  3:21  Marine  
  30  3:25  SCV x2  
  34  3:32  Factory  
  34  3:37  SCV  
  34  3:39  Marine  
  34  3:40  SCV  
  37  3:44  Marine  
  38  3:49  SCV  
  38  3:52  SCV  
  40  4:01  SCV  
  40  4:04  SCV  
  40  4:07  Marine x2  
  43  4:14  SCV  
  43  4:16  SCV  
  45  4:25  Marine, Starport, Factory Tech Lab  
  45  4:26  SCV  
  45  4:28  Marine, SCV  
  49  4:35  Command Center  
  49  4:38  SCV  
  49  4:43  Marine, SCV  
  49  4:44  Siege Tank  
  54  4:46  Marine  
  54  4:51  SCV  
  56  4:53  Bunker  
  56  4:55  SCV  
  57  5:00  Marine  
  57  5:05  SCV, Starport Reactor  
  57  5:11  SCV  
  54  5:16  Marine, Siege Tank  
  54  5:18  SCV  
  59  5:22  Engineering Bay  
  59  5:23  SCV  
  60  5:30  SCV  
  60  5:33  Marine  
  60  5:34  Refinery  
  60  5:35  Combat Shields, Refinery  
  62  5:44  Supply Depot  
  62  5:46  Marine, SCV x2, Orbital Command  
  65  5:50  Medivac, Terran Infantry Weapons Level 1  
  65  5:53  Medivac  
  69  6:00  SCV  
  69  6:01  SCV  
  71  6:05  Marine  
  71  6:11  Siege Tank  
  75  6:12  SCV x2  
  75  6:13  SCV  
  78  6:20  Medivac  
  78  6:22  Orbital Command  
  78  6:24  SCV  
  82  6:26  Marauder  
  82  6:27  Barracks Reactor  
  82  6:28  SCV  
  84  6:36  SCV  
  85  6:43  SCV  
  85  6:53  Supply Depot  
  85  6:57  Supply Depot  
  85  7:01  Bunker  
  85  7:05  Engineering Bay  
  85  7:09  Armory  
  85  7:15  SCV x3, Siege Tank, Marauder  
  93  7:16  Medivac  
  93  7:18  Marine  
  84  7:27  Marine, SCV x3  
  80  7:31  Medivac  
  80  7:36  Marine  
  80  7:37  Marauder, Terran Infantry Armor Level 1  
  85  7:39  SCV x3  
  88  7:45  Marine  
  88  7:47  Barracks x2  
  88  7:48  Concussive Shells  
  88  7:50  Siege Tank  
  92  7:51  SCV x3  
  92  7:54  Viking  
  92  7:57  Marine  
  92  7:58  Marauder  
  100  8:03  SCV  
  101  8:06  Terran Infantry Weapons Level 2  
  101  8:13  Command Center  
  101  8:15  Refinery  
  101  8:16  Refinery  
  101  8:19  Marine x2, SCV x3, Supply Depot, Viking  
  108  8:20  Supply Depot x2  
  108  8:31  SCV  
  108  8:33  Supply Depot  
  109  8:36  SCV, Siege Tank  
  109  8:40  SCV  
  109  8:41  Marauder, Medivac  
  113  8:43  Marine, SCV  
  115  8:48  SCV  
  115  8:52  Marine  
  115  8:54  Barracks Tech Lab  
  117  9:01  Barracks Reactor  
  119  9:03  Marauder, Barracks  
  119  9:04  Viking  
  119  9:05  Marine  
  122  9:11  Viking, Siege Tank  
  122  9:13  Terran Vehicle Weapons Level 1  
  127  9:19  Marine, Marauder  
  127  9:20  Supply Depot  
  132  9:24  Marauder  
  132  9:26  Marine  
  133  9:34  Viking  
  133  9:36  Terran Infantry Armor Level 2  
  133  9:37  Marine  
  136  9:40  Marauder  
  136  9:41  Viking  
  136  9:44  Siege Tank  
  136  9:45  Marine x2, Marauder  
  147  9:46  Marine  
  147  9:50  Marine  
  133  9:55  Marine  
  115  10:02  Marauder  
  115  10:03  Marine  
  113  10:07  Marauder  
  113  10:08  Marine  
  113  10:12  Marine  
  107  10:16  Siege Tank  
  107  10:21  Marine  
  105  10:26  Marine, Viking x2  
  108  10:28  Marauder  
  108  10:30  Marine  
  109  10:38  Marine  
  109  10:39  Barracks Tech Lab  
  107  10:44  Marine  
  107  10:48  Marine, Siege Tank  
  108  10:50  Marauder  
  108  10:56  Marine, Viking x2  
  110  11:01  Marine x2  
  110  11:06  Marine  
  110  11:10  Marine  
  95  11:19  Marine x2, Marauder  
  95  11:20  Siege Tank  
  95  11:24  Marine  
  101  11:26  Medivac  
  101  11:31  Marauder  
  101  11:32  Viking  
  92  11:36  Marine  
  92  11:37  Marine  
  88  11:47  Marine x2  
  88  11:53  SCV, Orbital Command  
  91  11:58  Medivac  
  93  12:06  SCV  
  93  12:07  Marine  
  93  12:08  Marine, Marauder  
  85  12:18  SCV  
  85  12:21  Medivac  
  88  12:29  Command Center  
  88  12:32  Marine x3, Marauder  
  93  12:40  Medivac  
  95  12:53  Command Center  
  95  12:56  SCV  
  95  12:57  SCV  
  97  13:00  Marine x2  
  97  13:01  Marauder x2  
  103  13:08  SCV  
  103  13:09  SCV  
  103  13:12  Viking x2  
  109  13:14  Marine  
  110  13:40  Marine x4, SCV x2, Refinery  
  110  13:41  Marauder, Refinery  
  118  13:42  Viking  
  120  13:52  SCV x2  
  122  13:58  Marine  
  123  14:02  Orbital Command  
  123  14:04  SCV x2  
  123  14:06  Orbital Command  
  123  14:07  Marine  
  123  14:08  Marine x2, Marauder  
  123  14:14  Siege Tank  
  123  14:16  Marine  
  123  14:17  SCV  
  117  14:22  Refinery  
  115  14:25  Marine x2  
  115  14:26  Marauder  
  115  14:29  Marauder  
  121  14:34  Marine, SCV  
  121  14:37  Orbital Command  
  121  14:47  Marauder  
  121  14:52  Marine  
  119  14:53  Marauder  
  119  14:59  Marine  
  112  15:05  Medivac x2  
  116  15:08  SCV  
  116  15:09  Marauder  
  119  15:35  Marine x3, Marauder  
  123  15:36  Marauder, SCV  
  123  15:37  SCV  
  123  15:40  SCV  
  129  15:42  Bunker  
  129  15:49  SCV  
  130  15:53  Marine  
  130  15:55  Orbital Command  
  133  15:57  Marauder  
  133  15:59  Marine, Marauder  
  137  16:12  Barracks Reactor  
  137  16:13  Marine  
  137  16:15  SCV x2  
  139  16:19  Refinery  
  139  16:23  Marauder  
  139  16:26  Marauder  
  139  16:33  Marine  
  139  16:38  Siege Tank  
  140  16:48  Marine, SCV x3  
  140  16:49  Marauder  
  130  16:56  Marine, Marauder  
  130  16:58  Medivac x2  
  131  17:05  Marine x2  
  131  17:06  SCV x2  
  135  17:10  Marauder  
Show
View Real Time Build Order
Export as new Build Order

Bourbond Terran - Winner!

Build Orders: Reaper Expand, Mech 

Get SALT Encoding   

  12  0:02  SCV  
  13  0:14  SCV  
  13  0:18  Supply Depot  
  14  0:26  SCV  
  15  0:29  Refinery  
  15  0:40  SCV  
  16  0:46  Barracks  
  16  0:52  SCV  
  17  1:04  SCV  
  18  1:16  SCV  
  19  1:33  Orbital Command  
  19  1:34  Reaper  
  20  1:49  Command Center  
  20  2:00  Factory  
  20  2:04  SCV  
  20  2:07  Barracks Reactor  
  21  2:15  Refinery  
  21  2:17  SCV  
  22  2:24  Supply Depot  
  23  2:30  SCV  
  23  2:45  SCV  
  23  2:50  Starport  
  24  2:52  Hellion x2  
  24  2:57  SCV, Barracks Tech Lab  
  29  3:08  Orbital Command  
  29  3:15  Hellion  
  32  3:20  SCV  
  32  3:29  Hellion  
  32  3:30  Medivac  
  32  3:33  SCV  
  37  3:41  Supply Depot  
  37  3:42  SCV  
  37  3:45  SCV  
  39  3:52  Cyclone  
  42  3:56  SCV  
  43  4:08  SCV x2  
  47  4:17  Cyclone  
  47  4:20  SCV, Raven  
  47  4:24  SCV, Barracks Tech Lab  
  51  4:30  Supply Depot x2  
  49  4:39  SCV x2  
  51  4:49  Command Center  
  51  4:51  SCV  
  51  4:52  SCV  
  53  4:54  Refinery  
  53  4:55  Refinery, Factory  
  53  5:12  SCV x2  
  47  5:17  Infernal Pre-Igniter  
  47  5:18  Hellion  
  49  5:24  SCV x2  
  49  5:25  Engineering Bay  
  51  5:35  Factory  
  51  5:36  SCV  
  51  5:37  SCV  
  51  5:39  Hellion x2  
  51  5:42  Hellion  
  59  5:43  Viking  
  59  5:45  Barracks Reactor  
  59  5:49  SCV x2  
  63  5:52  Armory  
  63  6:01  SCV x2, Hellion x2  
  63  6:03  Hellion  
  71  6:04  Orbital Command  
  71  6:13  SCV x2  
  71  6:16  Armory  
  73  6:24  Missile Turret  
  73  6:25  Hellion  
  75  6:26  Orbital Command  
  75  6:27  Hellion  
  75  6:30  Siege Tank  
  75  6:32  Supply Depot  
  80  6:39  Cyclone  
  75  6:51  Siege Tank  
  75  6:52  SCV, Hellion  
  75  6:53  SCV x2  
  83  7:01  Terran Vehicle Weapons Level 1  
  83  7:04  SCV, Terran Vehicle And Ship Armor Level 1  
  83  7:05  SCV x2  
  86  7:10  Missile Turret  
  86  7:11  Missile Turret  
  86  7:13  Refinery  
  86  7:16  SCV  
  86  7:17  SCV  
  81  7:26  SCV  
  81  7:27  Siege Tank  
  81  7:28  SCV, Siege Tank, Hellion x2  
  93  7:32  Factory  
  93  7:37  Refinery  
  93  7:45  Hellion  
  93  7:46  Hellion  
  93  7:48  Supply Depot  
  93  7:51  Supply Depot  
  93  7:53  Supply Depot  
  93  7:54  Supply Depot  
  93  7:56  Supply Depot, SCV x3, Viking, Hellion  
  100  8:08  SCV  
  100  8:10  Siege Tank, Viking, Hellion  
  100  8:12  Siege Tank  
  111  8:16  Barracks Reactor, Factory Tech Lab  
  111  8:17  Hellion  
  111  8:18  Factory  
  113  8:22  Missile Turret  
  113  8:25  Missile Turret  
  113  8:27  SCV x2  
  113  8:29  Supply Depot, SCV  
  113  8:32  Smart Servos  
  108  8:41  Siege Tank  
  108  8:42  Siege Tank, Hellion x2  
  108  8:45  Viking  
  108  8:47  SCV  
  121  8:54  Sensor Tower  
  121  8:59  Sensor Tower, Siege Tank  
  124  9:03  Hellion  
  124  9:06  Viking  
  128  9:10  SCV  
  129  9:19  Supply Depot x2  
  129  9:21  Missile Turret  
  129  9:27  Hellion x2  
  129  9:28  Command Center  
  133  9:38  Supply Depot  
  126  9:49  Siege Tank x2, Hellion x2  
  126  9:52  Siege Tank  
  127  10:03  Hellion  
  125  10:11  Hellion  
  126  10:20  Hellion  
  126  10:21  Siege Tank x2  
  124  10:24  Hellion  
  125  10:39  Orbital Command  
  125  10:41  Planetary Fortress  
  117  10:44  SCV  
  117  10:45  SCV  
  110  10:51  Siege Tank  
  110  10:52  Hellion x2  
  110  10:53  Siege Tank  
  109  11:07  SCV  
  108  11:11  Orbital Command  
  106  11:25  SCV  
  92  11:40  SCV x2, Hellion x2  
  92  11:41  SCV  
  96  11:47  SCV  
  96  11:51  Siege Tank  
  96  11:52  SCV  
  96  11:53  SCV  
  101  11:57  Siege Tank x2  
  101  11:58  Hellion x2  
  92  12:17  Viking x2  
  92  12:18  SCV  
  92  12:19  Hellion  
  92  12:20  Hellion  
  92  12:22  Refinery  
  101  12:23  Siege Tank  
  101  12:24  Missile Turret  
  101  12:28  Supply Depot, SCV  
  101  12:29  Supply Depot, Siege Tank  
  100  12:30  Supply Depot, Siege Tank, Hellion x2  
  100  12:32  Supply Depot  
  107  12:37  SCV  
  107  12:41  Refinery  
  107  12:42  SCV  
  107  12:43  Refinery  
  107  12:44  Refinery  
  109  12:46  Terran Vehicle Weapons Level 2  
  109  12:48  Missile Turret, Hellion x2  
  113  12:52  Hellion x2  
  113  12:53  SCV  
  113  12:54  Missile Turret  
  118  13:05  Siege Tank x2  
  120  13:14  Viking  
  120  13:16  Hellion x3  
  123  13:40  Command Center  
  122  13:46  Viking  
  122  13:47  Viking  
  121  13:49  Command Center  
  121  13:52  Terran Vehicle And Ship Armor Level 2  
  121  13:54  Starport  
  121  13:56  SCV  
  121  14:14  SCV  
  122  14:26  Thor  
  122  14:27  Siege Tank  
  131  14:35  Viking  
  121  14:41  SCV  
  121  14:43  SCV  
  121  14:44  Refinery  
  123  14:46  Refinery  
  127  15:00  SCV x2, Viking  
  109  15:05  Viking  
  115  15:22  Factory Reactor  
  115  15:23  SCV x3  
  115  15:25  Planetary Fortress  
  118  15:29  Viking  
  118  15:33  Viking  
  118  15:34  Viking  
  118  15:35  Viking  
  126  15:36  Planetary Fortress, Hellion x4  
  126  15:39  SCV  
  127  15:51  Missile Turret x2  
  127  15:52  Missile Turret x4  
  125  16:03  Viking  
  127  16:04  Siege Tank x2  
  127  16:05  Hellion x4  
  127  16:11  Starport  
  133  16:39  Siege Tank  
  139  16:40  Siege Tank  
  135  16:53  Viking x3  
  141  16:56  Viking  
  139  17:06  SCV  
Tags
 
Composition
Bio TankMech
Matchup
TvT
Race
Terran
Spawn Locations
Cross Positions
Add a new tag
Caveats
  • Supply blocks, unpowered buildings, or Contaminate may cause inaccurate times.
  • Supply counts are checked every 10 seconds.